 Dungeon Crawl Stone Soup version 0.30-a0-305-g026cb31310 (webtiles) character file.

Game seed: 1177058736372229716

223 koil the Sneak (level 5, -8/27 HPs)
             Began as a Spriggan Brigand on Oct 22, 2022.
             Killed by divine providence
             ... invoked by an orc priest
              (11 damage)
             ... on level 3 of the Dungeon.
             The game lasted 00:08:26 (2575 turns).

koil the Sneak (Spriggan Brigand)                   Turns: 2575, Time: 00:08:27

Health: -8/27      AC:  5    Str:  7    XL:     5   Next: 66%
Magic:  10/10      EV: 22    Int: 14    God:
Gold:   202        SH:  0    Dex: 17    Spells: 9/9 levels left

rFire   . . .      SeeInvis +    a - +2 dagger
rCold   . . .      Faith    .    (no shield)
rNeg    . . .      Spirit   .    b - +0 robe
rPois   .          Reflect  .    (helmet restricted)
rElec   .          Harm     .    r - +2 cloak
rCorr   .          Rampage  .    (gloves unavailable)
Will    +....                    (boots unavailable)
Stlth   ++++......               (no amulet)
HPRegen 0.24/turn                o - ring of willpower
MPRegen 0.12/turn                h - +4 ring of evasion

@: very quick
A: very small, no large weapons, unfitting armour, see invisible, speed 3
a: no special abilities


You were on level 3 of the Dungeon.
You visited 1 branch of the dungeon, and saw 3 of its levels.

You collected 202 gold pieces.

Inventory:

Hand Weapons
 a - a +2 dagger (weapon)
Missiles
 e - 3 curare-tipped darts (quivered)
 n - 20 poisoned darts
Armour
 b - a +0 robe (worn)
 r - a +2 cloak (worn)
Jewellery
 g - a ring of resist corrosion
 h - a +4 ring of evasion (right hand)
 o - a ring of willpower (left hand)
Wands
 d - a wand of flame (7)
Scrolls
 f - 2 scrolls of magic mapping {unknown}
 i - 4 scrolls of identify {unknown}
 k - a scroll of teleportation {unknown}
 m - a scroll of noise {unknown}
 p - a scroll of brand weapon {unknown}
Potions
 c - a potion of haste {unknown}
 j - a potion of cancellation {unknown}
 l - 2 potions of heal wounds {unknown}


   Skills:
 + Level 2.6 Fighting
 + Level 3.4 Short Blades
 - Level 2.0 Throwing
 + Level 3.5 Dodging
 + Level 7.1 Stealth
 + Level 2.6 Spellcasting


You had 9 spell levels left.
You didn't know any spells.
Your spell library contained the following spells:

 Spells                   Type           Power      Damage    Failure   Level
 Summon Guardian Golem    Hex/Summ       1%         N/A       54%         3
 Orb of Destruction       Conj           0%         9d5       100%        7
 Spellforged Servitor     Conj/Summ      0%         N/A       100%        7


Dungeon Overview and Level Annotations

Branches:
Dungeon (3/15)

Altars:
Zin

Shops:
D:3 (*=


Innate Abilities, Weirdness & Mutations

You are very small and have problems with some larger weapons.
You are too small for most types of armour.
You have supernaturally acute eyesight. (SInv)
You cover ground extremely quickly. (Speed+++)


Message History

No target in view!
An orc comes into view. It is wielding a +0 club.
An orc priest comes into view.
It is wielding a +0 mace. 2 orcs come into view.
The orc shouts! x3
The orc priest shouts!
You hit the orc but do no damage. The orc hits you with a +0 club.
You closely miss the orc priest. You hit the orc priest.
The orc priest is lightly wounded.
The orc priest closely misses you. The orc hits you with a +0 club.
You hit the orc priest.
The orc priest is moderately wounded.
The orc misses you. x2
You hit the orc priest but do no damage.
The orc priest is moderately wounded.
The orc priest closely misses you. The orc hits you but does no damage. x2
The orc misses you.
You closely miss the orc priest.
The orc priest is moderately wounded.
The orc priest invokes the aid of Beogh against you.
Beogh smites you! The orc misses you. The orc barely misses you. x2
You hit the orc priest.
The orc priest is moderately wounded.
The orc priest hits you with a +0 mace.
You hit the orc priest.
The orc priest is severely wounded.
The orc priest hits you but does no damage.
The orc misses you.
You barely miss the orc priest.
The orc priest is severely wounded.
The orc completely misses you.
The orc priest mumbles some strange prayers to Beogh against you.
Pain shoots through your body!
* * * LOW HITPOINT WARNING * * *
The orc misses you. The orc barely misses you.
You see here a +0 ring mail.
The orc priest mumbles some strange prayers to Beogh against you.
Beogh smites you!
You die...

# #..# ##.#######.....#
#..# #>## ##...... ####
#..#####..#.∩#.
##########....##.###.##
#........####.##.# #... #
##########.........# #...
###
#.....∩..#######...###...
.)## #........###
#.####.... #.)###
#.......@..####### #####
##)..#
##.....####.[ooo###
###.###..#####
##..o...### #......#
##.......## ###.##.####
####.....#
#.......######## ###....#
#...###....##..# ###...#
#...#..........# #...#
#...#.########## #....


You could see an orc priest and 3 orcs.

Vanquished Creatures
  Jessica (D:2)
  Terence (D:2)
  Natasha (thrice) (D:2)
  A gnoll (D:1)
  An adder (D:2)
  3 worms
  A dart slug (D:1)
  6 orcs (D:3)
  5 endoplasms
  A giant cockroach (D:3)
  3 goblins
  7 hobgoblins
  2 jackals (D:1)
  7 kobolds
  5 quokkas
  2 ball pythons (D:1)
  5 bats
  7 frilled lizards
  3 rats
64 creatures vanquished.

Notes
Turn   | Place    | Note
-------+----------+-------------------------------------------
     0 | D:1      | koil the Spriggan Brigand began the quest for the Orb.
     0 | D:1      | Reached XP level 1. HP: 10/10 MP: 2/2
    29 | D:1      | Reached skill level 6 in Stealth
    29 | D:1      | Reached XP level 2. HP: 15/15 MP: 2/4
   157 | D:1      | Reached skill level 1 in Spellcasting
   376 | D:1      | Reached XP level 3. HP: 18/18 MP: 5/5
   859 | D:2      | Noticed Natasha
   863 | D:2      | Killed Natasha
   864 | D:2      | Reached XP level 4. HP: 23/23 MP: 7/7
  1044 | D:2      | Noticed Natasha
  1046 | D:2      | Noticed Terence
  1088 | D:2      | Killed Terence
  1125 | D:2      | Killed Natasha
  1224 | D:2      | Reached XP level 5. HP: 15/27 MP: 9/9
  1237 | D:2      | Noticed Natasha
  1256 | D:2      | Killed Natasha
  1451 | D:2      | Noticed Jessica
  1468 | D:2      | Killed Jessica
  1469 | D:2      | Reached skill level 7 in Stealth
  1967 | D:3      | Found Eguhotaim's Assorted Antiques.
  2020 | D:3      | Found Weitigeija's Jewellery Shop.
  2274 | D:3      | Found a glowing silver altar of Zin.
  2492 | D:3      | Found Cetegy's Weapon Shop.
  2575 | D:3      | Killed from afar by an orc priest

Illustrated notes

Levels and vault maps discovered:
D:1:      ncdulo_watergridlock, layout_basic, dk_noncrumbling_2, minivault_26
D:2:      layout_loops_ring, amethyst_killhole, uniq_jessica, uniq_natasha,
          uniq_terence
D:3:      layout_rooms, mainiacjoe_overflow_alcove_2, serial_curves,
          eino_curves_01, eino_curves_04, eino_curves_03, serial_shops,
          nicolae_shop_waterfront, shop, shop, kennysheep_potato

Skill      XL: |  1  2  3  4  5 |
---------------+----------------+-----
Stealth        | 6 7 |  7.1
Spellcasting   | 1 2 |  2.6
Dodging        | 2 3 |  3.5
Fighting       | 2 |  2.6
Short Blades   | 3 |  3.4
Throwing       | |  2.0

Action                   |  1- 3 |  4- 6 || total
-------------------------+-------+-------++-------
Melee: Dagger            |    83 |   145 ||   228
       Punch             |       |     1 ||     1
Throw: Dart              |       |    16 ||    16
 Stab: Sleeping          |    14 |     9 ||    23
       Distracted        |     1 |     1 ||     2
Armor: Robe              |     6 |     8 ||    14
Dodge: Dodged            |    38 |    92 ||   130

Table legend: (Time is in decaauts)
 A = Elapsed time spent in this place.
 B = Non-inter-level travel time spent in this place.
 C = Inter-level travel time spent in this place.
 D = Time resting spent in this place.
 E = Time spent auto-exploring this place.
 F = Levels seen in this place.
 G = Mean time per level.
                   A        B        C        D        E       F      G
               +--------+--------+--------+--------+--------+-----+--------+
         Total |   1780 |   1709 |     71 |    109 |   1110 |   3 |  593.3 |
       Dungeon |   1780 |   1709 |     71 |    109 |   1110 |   3 |  593.3 |
               +--------+--------+--------+--------+--------+-----+--------+

Top non-repeatable levels by time:
     D:2: 761 daAuts
     D:1: 572 daAuts
     D:3: 446 daAuts
